 Dungeon Crawl Stone Soup version 0.19.1 (webtiles) character file.

65261 ChaseSP the Bludgeoner (level 15, -3/115 HPs)
             Began as a Formicid Fighter on Nov 26, 2016.
             Was a High Priest of Okawaru.
             Slain by a wolf spider (glowing shapeshifter) (13 damage)
             ... on level 12 of the Dungeon.
             The game lasted 00:57:07 (23615 turns).

ChaseSP the Bludgeoner (Formicid Fighter)          Turns: 23615, Time: 00:57:07

Health: -3/115     AC: 21    Str: 24    XL:     15   Next: 57%
Magic:  20/20      EV:  9    Int:  9    God:    Okawaru [*****.]
Gold:   607        SH: 19    Dex: 14    Spells: 0 memorised, 14 levels left

rFire  . . .     SeeInvis +     r - +0 great mace
rCold  . . .     Gourm    .     T - +1 chain mail of Death's Door {rElec}
rNeg   . . .     Faith    .     V - +0 large shield
rPois  +         Spirit   .     (helmet unavailable)
rElec  +         Reflect  .     I - +2 cloak {+Inv}
rCorr  +         Harm     .     S - +1 pair of gloves {archery}
MR     +....                    P - +2 pair of boots {Fly}
Stlth  ..........               J - amulet of magic regeneration
                                A - ring "Agatinot" {rCorr rPois Str+2}
                                m - ring of see invisible

@: flying, drained
A: permanent stasis, dig shafts and tunnels, four strong arms, antennae 3,
regeneration 1, screaming 2
a: Dig, Shaft Self, Heroism, Finesse, Renounce Religion, Evoke Invisibility,
Stop Flying


You were on level 12 of the Dungeon.
You worshipped Okawaru.
Okawaru was extremely pleased with you.
You were near starving.

You visited 4 branches of the dungeon, and saw 22 of its levels.

You collected 2217 gold pieces.
You spent 1610 gold pieces at shops.

Inventory:

Hand Weapons
 b - a +0 arbalest
 r - a +0 great mace (weapon)
Missiles
 i - a throwing net (quivered)
 p - 229 bolts
Armour
 I - a +2 cloak of invisibility (worn)
 P - a +2 pair of boots of flying (worn)
 S - a +1 pair of gloves of archery (worn)
 T - the +1 chain mail of Death's Door (worn) {rElec}
   (You bought it in a shop on level 5 of the Dungeon)

   It insulates you from electricity.
 V - a +0 large shield (worn)
 W - a +2 chain mail of fire resistance
Jewellery
 g - the ring of Ysoeczue {Fire MR- MP+9 Int+8 Stlth+}
   (You found it on level 7 of the Dungeon)

   [ring of fire]

   It enhances your fire magic.
   It affects your intelligence (+8).
   It protects you from fire.
   It makes you vulnerable to cold.
   It affects your resistance to hostile enchantments.
   It affects your magic capacity (+9).
   It makes you more stealthy.
 m - a ring of see invisible (left hand)
 A - the ring "Agatinot" (right hand) {rCorr rPois Str+2}
   (You bought it in a shop on level 1 of the Orcish Mines)

   [ring of resist corrosion]

   It affects your strength (+2).
   It protects you from poison.
 J - an amulet of magic regeneration (around neck)
 X - an uncursed ring of flight
 Y - an uncursed ring of fire
Wands
 e - a wand of teleportation (6/9)
 n - a wand of heal wounds (0/9)
 o - a wand of heal wounds (0/9)
 t - a wand of random effects (24/48)
 u - a wand of slowing (5/48)
 z - a wand of polymorph (5/24)
 D - a wand of acid (5/15)
 G - a wand of disintegration (11/24)
 R - a wand of flame (21/48)
 Z - a wand of teleportation (1/9)
Scrolls
 j - 16 scrolls of remove curse
 l - 5 scrolls of recharging
 q - 5 scrolls of fear
 s - 4 scrolls of enchant armour
 y - a scroll of identify
 C - a scroll of enchant weapon
 E - 2 scrolls of magic mapping
 H - 6 scrolls of immolation
 U - a scroll of brand weapon
Potions
 c - 2 potions of lignification
 d - a potion of ambrosia
 h - 8 potions of curing
 k - 4 potions of brilliance
 x - 2 potions of degeneration
 L - 4 potions of might
 M - a potion of agility
 O - a potion of cancellation
 Q - 3 potions of magic
Books
 K - a book of Battle

   Spells                             Type                      Level
   a - Infusion                       Charms                       1
   b - Shroud of Golubria             Charms/Translocation         2
   c - Song of Slaying                Charms                       2
   d - Spectral Weapon                Hexes/Charms                 3
   e - Regeneration                   Charms/Necromancy            3
 N - a book of Callings

   Spells                             Type                      Level
   a - Summon Small Mammal            Summoning                    1
   b - Call Imp                       Summoning                    2
   c - Call Canine Familiar           Summoning                    3
   d - Summon Guardian Golem          Hexes/Summoning              3
   e - Summon Lightning Spire         Summoning/Air                4
   f - Summon Ice Beast               Ice/Summoning                4
Comestibles
 f - 9 bread rations
 v - 6 meat rations
 w - a beef jerky


   Skills:
 + Level 10.1(8.9) Fighting
 * Level 16.0(14.7) Maces & Flails
   Level 4.2(3.2) Slings
 * Level 9.3(8.2) Crossbows
 + Level 9.3(8.2) Armour
 + Level 5.2(4.2) Dodging
 * Level 12.7(11.5) Shields
 - Level 7.4(6.4) Invocations
 + Level 3.8(2.9) Evocations


You had 14 spell levels left.
You didn't know any spells.

Dungeon Overview and Level Annotations

Branches:
Dungeon (13/15)            Temple (1/1) D:7            Lair (6/6) D:9
  Swamp (0/4) Lair:2       Spider (0/4) Lair:2        Slime (0/5) Lair:6
    Orc (2/2) D:10            Elf (0/3) Orc:2
 Vaults: D:13-14

Altars:
Ashenzari
Cheibriados
Dithmenos
Elyvilon
Fedhas
Gozag
Hepliaklqana
Kikubaaqudgha
Makhleb
Nemelex Xobeh
Okawaru
Qazlal
Ru
Trog
Uskayaw
Vehumet
Xom
Yredelemnul
Zin
The Shining One
Jiyva

Shops:
D:4 :   D:5 *[   Orc:1 =   Orc:2 *}(?!

Portals:
Hell: Lair:6
Pandemonium: Orc:2


Innate Abilities, Weirdness & Mutations

You are under a permanent stasis effect.
You can dig through walls and to a lower floor.
Your four strong arms can wield two-handed weapons with a shield.
You have a pair of large antennae on your head. (SInv)
Your natural rate of healing is unusually fast.
You sometimes yell uncontrollably at your foes.


Message History

* * * LOW HITPOINT WARNING * * *
You block the ettin's attack.
You fly upwards.
There is a stone staircase leading down, spattered with blood here.
Unknown command.
Okay, then.
Evoke which item? (* to show all) (? for menu, Esc to quit)
Zapping:
e - a wand of teleportation (6/9)
Press: ? - help, Shift-Dir - straight line, f - you
Okay, then.
You block the ettin's attack. The ettin closely misses you.
The wolf spider hits you but does no damage.
The wolf spider bites you but does no damage.
You block the ettin's attack.
The ettin hits you with a dire flail of draining!
* * * LOW HITPOINT WARNING * * *
You feel drained.
* * * LOW HITPOINT WARNING * * *
The wolf spider hits you!
You die...

.......###..#..........#.........
.......)...##....................
.......######.........##.........
######## ###'###############'# #
#.### #..# # #...# ##.## # ###.#
#..# ###### ######'## ##.###
.....# #....@..# ###}....
.....#######...Cs..# #.......
.....'.....#....C..# ###.#.....
.....#####.'....>..# ##...#.....
.....# ###.......# ##..###.....
.....# #.......###..## #.....
...<.# #.......+...## #.....
)....# #.......##### #.....
.....# ######### #.....


You could see 2 ettins and a wolf spider shaped shifter.

Vanquished Creatures
  An orc warlord (Orc:1)
  A stone giant (Orc:2)
  2 dire elephants (Lair:6)
  Snorg (Lair:6)
  The ghost of micr0chasm the Cruncher, a journeyman GrFi of Qazlal (Lair:1)
  9 hydras
  A hell beast (Lair:6)
  4 orc high priests (Orc:2)
  3 soul eaters (Orc:2)
  A gelid demonspawn (Orc:2)
  An infernal demonspawn (Orc:2)
  A wizard (Lair:6)
  A necromancer (Lair:4)
  A phantasmal warrior (D:12)
  6 orc knights
  2 manticores
  A deep elf mage (Orc:2)
  7 orc sorcerers (Orc:2)
  7 elephants
  2 black mambas
  A smoke demon (Orc:2)
  2 torpor snails
  Psyche (D:11)
  5 spiny frogs
  6 orange demons
  6 rime drakes
  6 komodo dragons
  2 red devils (Lair:6)
  A hellwing (Lair:6)
  5 trolls
  2 polar bears
  A hornet (D:9)
  10 blink frogs
  7 hippogriffs
  A wraith (D:9)
  2 wyverns (D:11)
  A basilisk (D:11)
  6 hungry ghosts
  Grum (D:11)
  A chaos spawn (Orc:2)
  41 yaks
  Eustachio (D:4)
  A neqoxec (Orc:2)
  2 wargs
  5 swamp worms (Lair:2)
  Duvessa (D:4)
  9 water moccasins
  2 hell hounds (Lair:6)
  3 porcupines
  4 ice beasts
  44 orc warriors
  2 sky beasts
  A phantom (D:5)
  16 wolves
  8 ogres
  18 crocodiles
  4 centaurs
  A komodo dragon zombie (Lair:4)
  2 big kobolds
  A gnoll sergeant (D:6)
  18 bullfrogs
  2 wyvern zombies
  3 scorpions
  Dowan (D:4)
  12 killer bees
  4 howler monkeys
  7 electric eels
  5 crimson imps
  2 centaur zombies (D:8)
  3 bullfrog zombies (D:11)
  2 centaur skeletons
  A gnoll shaman (D:4)
  7 jellies
  17 orc wizards
  Crazy Yiuf (D:2)
  3 bullfrog skeletons
  24 orc priests
  6 hounds
  Jessica (D:2)
  2 iguanas
  11 worker ants
  A crocodile zombie (Lair:4)
  A howler monkey zombie (D:5)
  A worker ant zombie (D:4)
  16 gnolls
  14 adders
  6 oozes
  An adder skeleton (D:5)
  5 worms
  2 dart slugs
  6 leopard geckos
  93 orcs
  2 ball pythons
  5 giant cockroaches
  9 goblins
  6 hobgoblins
  13 jackals
  26 kobolds
  9 quokkas
  A ball python skeleton (D:5)
  13 bats
  2 frilled lizards (D:3)
  A jackal skeleton (D:5)
  A leopard gecko skeleton (D:5)
  A quokka zombie (D:5)
  11 rats
  A plant (Lair:5)
665 creatures vanquished.

Vanquished Creatures (others)
  An orc (Orc:1)
  A fungus (Lair:3)
2 creatures vanquished.

Grand Total: 667 creatures vanquished

Notes
Turn   | Place    | Note
-------+----------+-------------------------------------------
     0 | D:1      | ChaseSP the Formicid Fighter began the quest for the Orb.
     0 | D:1      | Reached XP level 1. HP: 18/18 MP: 1/1
   131 | D:1      | Reached XP level 2. HP: 17/24 MP: 2/2
   470 | D:1      | Reached skill level 3 in Maces & Flails
   707 | D:1      | Reached XP level 3. HP: 19/29 MP: 3/3
  1514 | D:2      | Reached skill level 4 in Maces & Flails
  1514 | D:2      | Reached XP level 4. HP: 27/35 MP: 4/4
  1550 | D:2      | Noticed Jessica
  1561 | D:2      | Killed Jessica
  1764 | D:2      | Reached XP level 5. HP: 41/41 MP: 5/5
  1917 | D:2      | Reached skill level 5 in Maces & Flails
  2211 | D:2      | Found a runed door.
  2620 | D:2      | Noticed Crazy Yiuf
  2627 | D:2      | Killed Crazy Yiuf
  2627 | D:2      | Reached XP level 6. HP: 39/47 MP: 6/6
  2755 | D:3      | Reached skill level 6 in Maces & Flails
  2755 | D:3      | Reached skill level 1 in Slings
  3299 | D:4      | Noticed Eustachio
  3315 | D:4      | Killed Eustachio
  3315 | D:4      | Reached XP level 7. HP: 46/52 MP: 7/7
  3373 | D:4      | You fall through a shaft!
  3373 | D:5      | Entered Level 5 of the Dungeon
  3380 | D:5      | Reached skill level 7 in Maces & Flails
  3638 | D:5      | Found Xifub's Antique Armour Boutique.
  3750 | D:5      | Reached XP level 8. HP: 20/58 MP: 8/8
  3770 | D:5      | Reached skill level 8 in Maces & Flails
  3774 | D:5      | HP: 2/58 [poisoned by a scorpion]
  3779 | D:5      | HP: 1/58 [poisoned by a scorpion]
  3787 | D:5      | HP: 1/58 [poisoned by a scorpion]
  4590 | D:4      | Found Laupp's Book Emporium.
  4597 | D:4      | Noticed Dowan
  4625 | D:4      | Killed Dowan
  4628 | D:4      | You fall through a shaft for 2 floors!
  5046 | D:6      | Reached skill level 9 in Maces & Flails
  5502 | D:6      | Reached XP level 9. HP: 63/64 MP: 9/9
  5547 | D:6      | Reached skill level 10 in Maces & Flails
  5806 | D:5      | Found Eazouj's Eclectic Emporium.
  5824 | D:5      | Reached skill level 1 in Crossbows
  5828 | D:5      | Bought a +0 eveningstar of venom for 220 gold pieces
  6055 | D:4      | Noticed Duvessa
  6064 | D:4      | Killed Duvessa
  6321 | D:5      | Gained mutation: Your mind is acute. (Int +2) [potion of mutation]
  6321 | D:5      | Lost mutation: Your mind is acute. (Int +2) [potion of mutation]
  6321 | D:5      | Gained mutation: Your natural rate of healing is unusually fast. [potion of mutation]
  6707 | D:5      | Reached skill level 11 in Maces & Flails
  7431 | D:7      | Found a staircase to the Ecumenical Temple.
  7470 | Temple   | Entered the Ecumenical Temple
  7570 | Temple   | Became a worshipper of Warmaster Okawaru
  7710 | D:7      | Reached XP level 10. HP: 70/70 MP: 10/10
  7762 | D:7      | Got a flickering marble ring
  7763 | D:7      | Identified the ring of Ysoeczue {Fire MR- MP+9 Int+8 Stlth+} (You found it on level 7 of the Dungeon)
  8080 | D:8      | Reached skill level 12 in Maces & Flails
  8156 | D:8      | Reached * piety under Okawaru
  8752 | D:8      | Reached skill level 1 in Invocations
  8930 | D:8      | Paralysed by fainting for 11 turns
  8957 | D:8      | Reached skill level 13 in Maces & Flails
  8968 | D:9      | Paralysed by fainting for 11 turns
  9142 | D:9      | Found a staircase to the Lair.
  9343 | D:9      | Reached ** piety under Okawaru
  9966 | D:10     | Entered Level 10 of the Dungeon
 10004 | D:10     | Reached XP level 11. HP: 68/75 MP: 13/13
 10083 | D:10     | Found a staircase to the Orcish Mines.
 10176 | D:10     | Reached skill level 5 in Armour
 10187 | D:10     | Reached *** piety under Okawaru
 10292 | D:10     | Noticed a manticore
 10308 | D:10     | Killed a manticore
 10433 | D:10     | Found a shimmering altar of Xom.
 10771 | D:10     | Reached skill level 5 in Shields
 10791 | D:10     | Reached skill level 14 in Maces & Flails
 10991 | Lair:1   | Entered Level 1 of the Lair of Beasts
 11201 | Lair:1   | Noticed micr0chasm's ghost (journeyman GrFi)
 11331 | Lair:1   | You fall through a shaft!
 11356 | Lair:2   | Reached **** piety under Okawaru
 11476 | Lair:2   | Found a hole to the Spider Nest.
 11741 | Lair:2   | Found a staircase to the Swamp.
 11751 | Lair:2   | Received a gift from Okawaru
 12019 | Lair:2   | Reached skill level 5 in Crossbows
 12061 | Lair:2   | Reached XP level 12. HP: 27/84 MP: 15/15
 12311 | Lair:2   | Reached skill level 5 in Fighting
 12460 | Lair:1   | Noticed a four-headed hydra
 12534 | Lair:1   | Noticed a six-headed hydra
 12683 | Lair:1   | Killed a six-headed hydra
 12683 | Lair:1   | Reached ***** piety under Okawaru
 12764 | Lair:1   | Killed a four-headed hydra
 12764 | Lair:1   | Received a gift from Okawaru
 12764 | Lair:1   | Reached skill level 15 in Maces & Flails
 12806 | Lair:1   | Noticed a five-headed hydra
 12819 | Lair:1   | Killed a five-headed hydra
 12819 | Lair:1   | Received a gift from Okawaru
 13226 | Lair:1   | Killed micr0chasm's ghost
 13346 | Lair:3   | Noticed a five-headed hydra
 13364 | Lair:3   | Killed a five-headed hydra
 13590 | Lair:3   | Received a gift from Okawaru
 13617 | Lair:3   | Received a gift from Okawaru
 13627 | Lair:3   | Reached skill level 1 in Dodging
 13765 | Lair:3   | Reached XP level 13. HP: 81/96 MP: 16/16
 15354 | Lair:5   | Reached skill level 5 in Invocations
 15883 | Lair:6   | Entered Level 6 of the Lair of Beasts
 15883 | Lair:6   | Noticed a six-headed hydra
 15907 | Lair:6   | Noticed a seven-headed hydra
 15916 | Lair:5   | Killed a seven-headed hydra
 15916 | Lair:5   | Reached skill level 16 in Maces & Flails
 16244 | Lair:6   | Received a gift from Okawaru
 16385 | Lair:6   | Killed a six-headed hydra
 16465 | Lair:6   | Found a staircase to the Slime Pits.
 16668 | Lair:6   | Noticed a seven-headed hydra
 16682 | Lair:6   | Killed a seven-headed hydra
 16763 | Lair:6   | Noticed a dire elephant
 16763 | Lair:6   | Noticed a six-headed hydra
 16768 | Lair:6   | Reached skill level 10 in Shields
 16768 | Lair:6   | Reached XP level 14. HP: 105/105 MP: 18/18
 16802 | Lair:6   | Killed a dire elephant
 16904 | Lair:6   | Found a viscous altar of Jiyva.
 16904 | Lair:6   | Noticed Snorg
 16917 | Lair:6   | Killed Snorg
 17281 | Lair:6   | Found a burning altar of Makhleb.
 17546 | Lair:6   | Found a gateway to Hell.
 17651 | Lair:6   | Noticed a dire elephant
 17664 | Lair:6   | Killed a dire elephant
 17965 | D:5      | Bought a runed cloak for 220 gold pieces
 17965 | D:5      | Bought an amethyst-studded chain mail for 199 gold pieces
 17975 | D:5      | Identified the +1 chain mail of Death's Door {rElec} (You bought it in a shop on level 5 of the Dungeon)
 18128 | D:11     | Noticed Grum
 18128 | D:11     | Noticed Psyche
 18144 | D:11     | Killed Psyche
 18154 | D:11     | Killed Grum
 19059 | Orc:1    | Entered Level 1 of the Orcish Mines
 19249 | Orc:1    | Found Xisi's Jewellery Boutique.
 19265 | Orc:1    | Bought the ring "Agatinot" {rCorr rPois Str+2} for 566 gold pieces
 19273 | Orc:1    | Received a gift from Okawaru
 19601 | Orc:2    | Entered Level 2 of the Orcish Mines
 19601 | Orc:2    | Found Kurib's Assorted Antiques.
 19606 | Orc:2    | Noticed an orc warlord
 19737 | Orc:1    | Killed an orc warlord
 20025 | Orc:2    | Received a gift from Okawaru
 20166 | Orc:2    | Noticed a stone giant
 20183 | Orc:2    | Killed a stone giant
 20183 | Orc:2    | Reached skill level 1 in Evocations
 20732 | Orc:2    | Received a gift from Okawaru
 20852 | Orc:2    | Found Piutak's Magic Scroll Shoppe.
 20854 | Orc:2    | Found Jikhoury's Distillery.
 20874 | Orc:2    | Reached XP level 15. HP: 112/114 MP: 20/20
 21301 | Orc:2    | Received a gift from Okawaru
 21567 | Orc:2    | Gained mutation: You occasionally shout uncontrollably at your foes. [a neqoxec]
 21568 | Orc:2    | Gained mutation: You sometimes yell uncontrollably at your foes. [a neqoxec]
 21947 | Orc:2    | Received a gift from Okawaru
 21951 | Orc:2    | Got a pair of faintly humming boots {god gift}
 21974 | Orc:2    | Identified the +2 pair of boots of Hunextat {Int+2} (Okawaru gifted it to you on level 2 of the Orcish Mines)
 22068 | Orc:2    | Reached skill level 5 in Dodging
 22095 | Orc:2    | Found Owked's Antique Weapon Boutique.
 22095 | Orc:2    | Found a one-way gate leading to the halls of Pandemonium.
 22095 | Orc:2    | Found Heixot's Gadget Shop.
 22109 | Orc:2    | Reached skill level 10 in Fighting
 22119 | Orc:2    | Bought a demon whip for 405 gold pieces
 22243 | Orc:2    | Found a staircase to the Elven Halls.
 23615 | D:12     | Slain by a wolf spider (glowing shapeshifter)

Skill      XL: |  1  2  3  4  5  6  7  8  9 10 11 12 13 14 15 |
---------------+----------------------------------------------+-----
Maces & Flails | 3 4 5 6 7 9 11 13 14 15 16 | 16.0
Slings         | 2 3 4 |  4.2
Crossbows      | 3 5 7 8 9 |  9.3
Invocations    | 3 4 6 7 |  7.4
Armour         | 4 5 6 7 8 9 |  9.3
Shields        | 6 8 10 11 12 | 12.7
Fighting       | 4 7 8 9 10 | 10.1
Dodging        | 1 3 4 5 |  5.2
Evocations     | 1 3 |  3.8

Action                   |  1- 3 |  4- 6 |  7- 9 | 10-12 | 13-15 || total
-------------------------+-------+-------+-------+-------+-------++-------
Melee: Flail             |   133 |   219 |   310 |       |       ||   662
       Eveningstar       |       |       |   148 |   749 |  1341 ||  2238
       Demon whip        |       |       |       |       |    68 ||    68
       Great mace        |       |       |       |       |     6 ||     6
 Fire: Hunting sling     |       |    31 |     4 |       |       ||    35
       Arbalest          |       |       |       |     7 |    51 ||    58
Invok: Heroism           |       |       |       |     4 |    15 ||    19
       Finesse           |       |       |       |     1 |     7 ||     8
 Abil: Shaft Self        |       |       |     2 |     1 |       ||     3
       Dig               |       |       |       |     4 |     4 ||     8
Evoke: Wand              |       |       |       |     6 |     3 ||     9
  Use: Scroll            |       |     1 |    10 |    10 |     9 ||    30
       Potion            |       |     1 |     4 |     2 |     2 ||     9
  Eat: Chunk             |     2 |     6 |    14 |    23 |    28 ||    73
       Meat ration       |       |       |     1 |     1 |       ||     2
       Pizza             |       |       |     1 |       |       ||     1
       Fruit             |       |       |       |     3 |       ||     3
       Royal jelly       |       |       |       |       |     2 ||     2
       Beef jerky        |       |       |       |       |     2 ||     2
Armor: Scale mail        |    87 |    50 |       |       |       ||   137
       Chain mail        |       |    84 |   130 |   169 |   373 ||   756
       Plate armour      |       |       |    97 |   173 |       ||   270
Dodge: Dodged            |    55 |    56 |    68 |   130 |   272 ||   581
Block: Shield            |    95 |   131 |   205 |   126 |       ||   557
       Large shield      |       |       |       |   329 |  1160 ||  1489
